| TOP OF THE 1ST |
|
Akron RubberDucks batting - Pitching for Montgomery Biscuits : RHP David Breaux
|
|
Pitching: RHP David Breaux
|
|
|
Batting: LHB Nick Welling
|
0-0: Foul Ball, location: 2F 0-1: Ball 1-1: Ball 2-1: Fly out, F8 (Flyball, 8LS, EV 90.0 MPH)
|
|
Batting: RHB Christian Blue
|
0-0: Ground out 5-3 (Groundball, 56S, EV 91.3 MPH)
|
|
Batting: RHB Hieronim Rutkowski
|
0-0: Ball 1-0: Ball 2-0: Fly out, F7 (Flyball, 7D, EV 89.4 MPH)
|
| Top of the 1st over - 0 runs, 0 hits, 0 errors, 0 left on base; Akron 0 - Montgomery 0 |
| BOTTOM OF THE 1ST |
|
Montgomery Biscuits batting - Pitching for Akron RubberDucks : LHP Fred Kelly
|
|
Pitching: LHP Fred Kelly
|
|
|
Batting: LHB Austin Ohmer
|
0-0: SOLO HOME RUN (Flyball, 78XD, EV 105.0 MPH), Distance : 404 ft
|
|
Batting: RHB Steve French
|
0-0: Ball 1-0: Ball 2-0: Called Strike 2-1: Ball 3-1: Fly out, F7 (Line Drive, 7, EV 93.1 MPH)
|
|
Batting: RHB Wing-kit Bu
|
0-0: Ground out U3 (Groundball, 3, EV 81.3 MPH)
|
|
Batting: SHB Willie Koviak
|
0-0: Ball 1-0: Foul Ball, location: 2F 1-1: Ball 2-1: Ball 3-1: Ground out 5-3 (Groundball, 5, EV 79.4 MPH)
|
| Bottom of the 1st over - 1 run, 1 hit, 0 errors, 0 left on base; Akron 0 - Montgomery 1 |
| TOP OF THE 2ND |
|
Akron RubberDucks batting - Pitching for Montgomery Biscuits : RHP David Breaux
|
|
Batting: RHB Mike Plugge
|
0-0: Ball 1-0: Ball 2-0: Foul Ball, location: 2F 2-1: SOLO HOME RUN (Flyball, 78XD, EV 96.9 MPH), Distance : 386 ft
|
|
Batting: RHB Greg Harden
|
0-0: Ball 1-0: Ball 2-0: Fly out, F8 (Flyball, 89D, EV 95.0 MPH)
|
|
Batting: RHB Matt Thompson
|
0-0: Ball 1-0: Ball 2-0: Ball 3-0: Base on Balls
|
|
Batting: LHB Corey Trevor
|
0-0: Foul Ball, location: 2F 0-1: SINGLE (Groundball, 6MS, EV 79.4 MPH) (infield hit) Matt Thompson to second
|
|
Batting: LHB John Dietrich
|
0-0: Called Strike 0-1: Swinging Strike 0-2: Ball 1-2: Foul Ball, location: 2F 1-2: Ball 2-2: Ball 3-2: Strikes out swinging
|
|
Batting: RHB Michael Meyers
|
0-0: Ball 1-0: Foul Ball, location: 2F 1-1: Swinging Strike 1-2: Foul Ball, location: 2F 1-2: Ball 2-2: Foul Ball, location: 2F 2-2: Foul Ball, location: 2F 2-2: Strikes out swinging
|
| Top of the 2nd over - 1 run, 2 hits, 0 errors, 2 left on base; Akron 1 - Montgomery 1 |
| BOTTOM OF THE 2ND |
|
Montgomery Biscuits batting - Pitching for Akron RubberDucks : LHP Fred Kelly
|
|
Batting: RHB Devin Brown
|
0-0: Ball 1-0: Foul Ball, location: 2F 1-1: Foul Ball, location: 2F 1-2: Strikes out swinging
|
|
Batting: SHB Brett McEwen
|
0-0: Ball 1-0: Ball 2-0: SOLO HOME RUN (Flyball, 7D, EV 94.4 MPH), Distance : 372 ft
|
|
Batting: LHB Davion Lewis
|
0-0: Ball 1-0: Called Strike 1-1: Ball 2-1: Called Strike 2-2: Ball 3-2: Strikes out swinging
|
|
Batting: LHB David Seminario
|
0-0: Swinging Strike 0-1: Foul Ball, location: 2F 0-2: Ball 1-2: Foul Ball, location: 2F 1-2: Ball 2-2: Strikes out swinging
|
| Bottom of the 2nd over - 1 run, 1 hit, 0 errors, 0 left on base; Akron 1 - Montgomery 2 |
| TOP OF THE 3RD |
|
Akron RubberDucks batting - Pitching for Montgomery Biscuits : RHP David Breaux
|
|
Batting: LHB Nick Welling
|
0-0: Ball 1-0: Ground out U3 (Groundball, 3S, EV 67.5 MPH)
|
|
Batting: RHB Christian Blue
|
0-0: Called Strike 0-1: Ball 1-1: Ground out 4-3 (Groundball, 4, EV 93.8 MPH)
|
|
Batting: RHB Hieronim Rutkowski
|
0-0: Foul Ball, location: 2F 0-1: Swinging Strike 0-2: Ball 1-2: Foul Ball, location: 2F 1-2: Strikes out swinging
|
| Top of the 3rd over - 0 runs, 0 hits, 0 errors, 0 left on base; Akron 1 - Montgomery 2 |
| BOTTOM OF THE 3RD |
|
Montgomery Biscuits batting - Pitching for Akron RubberDucks : LHP Fred Kelly
|
|
Batting: LHB Barnabé Metrass
|
0-0: Ball 1-0: Ball 2-0: SINGLE (Groundball, 6MD, EV 97.5 MPH)
|
|
Batting: LHB Austin Ohmer
|
0-0: Ball 1-0: Ball 2-0: Ball 3-0: Fly out, F7 (Flyball, 7LM, EV 77.5 MPH)
|
|
Batting: RHB Steve French
|
0-0: Foul Ball, location: 2F 0-1: Foul Ball, location: 2F 0-2: Ball 1-2: Ball 2-2: Strikes out swinging
|
|
Batting: RHB Wing-kit Bu
|
0-0: Called Strike 0-1: Ball 1-1: Ball 2-1: Ground out 2-3 (Groundball, 2L, EV 66.9 MPH)
|
| Bottom of the 3rd over - 0 runs, 1 hit, 0 errors, 1 left on base; Akron 1 - Montgomery 2 |
| TOP OF THE 4TH |
|
Akron RubberDucks batting - Pitching for Montgomery Biscuits : RHP David Breaux
|
|
Batting: RHB Mike Plugge
|
0-0: Called Strike 0-1: Foul Ball, location: 2F 0-2: Foul Ball, location: 2F 0-2: Ball 1-2: Ball 2-2: Reached on error, E3 (Groundball, 34, EV 88.1 MPH)
|
|
Batting: RHB Greg Harden
|
0-0: Called Strike 0-1: Ball 1-1: Fly out, F9 (Flyball, 89M, EV 90.0 MPH)
|
|
Batting: RHB Matt Thompson
|
0-0: Called Strike 0-1: Ball 1-1: Foul Ball, location: 2F 1-2: Ball 2-2: Strikes out swinging
|
|
Batting: LHB Corey Trevor
|
0-0: Ball 1-0: Called Strike 1-1: Ball 2-1: Called Strike 2-2: Foul Ball, location: 2F 2-2: Strikes out swinging
|
| Top of the 4th over - 0 runs, 0 hits, 1 error, 1 left on base; Akron 1 - Montgomery 2 |
| BOTTOM OF THE 4TH |
|
Montgomery Biscuits batting - Pitching for Akron RubberDucks : LHP Fred Kelly
|
|
Batting: SHB Willie Koviak
|
0-0: Reached on error, E1 (Groundball, 13S, EV 65.6 MPH)
|
|
Batting: RHB Devin Brown
|
0-0: Ball 1-0: Foul Ball, location: 2F 1-1: Ground out 4-3 (Groundball, 4, EV 100.6 MPH) Willie Koviak to third
|
|
Batting: SHB Brett McEwen
|
0-0: Called Strike 0-1: Ball 1-1: Ball 2-1: Foul Ball, location: 2F 2-2: Foul Ball, location: 2F 2-2: DOUBLE (Flyball, 9LD, EV 111.3 MPH) Willie Koviak scores
|
|
Batting: LHB Davion Lewis
|
0-0: Ball 1-0: Foul Ball, location: 2F 1-1: Foul Ball, location: 2F 1-2: Fly out, F8 (Flyball, 78S, EV 95.0 MPH)
|
|
Batting: LHB David Seminario
|
0-0: Ball 1-0: Swinging Strike 1-1: Foul Ball, location: 2F 1-2: Ball Wild Pitch! Brett McEwen to third 2-2: Ball 3-2: Fly out, F8 (Flyball, 8LXD, EV 105.6 MPH)
|
| Bottom of the 4th over - 1 run, 1 hit, 1 error, 1 left on base; Akron 1 - Montgomery 3 |
| TOP OF THE 5TH |
|
Akron RubberDucks batting - Pitching for Montgomery Biscuits : RHP David Breaux
|
|
Batting: LHB John Dietrich
|
0-0: Swinging Strike 0-1: Ball 1-1: Ball 2-1: Fly out, F8 (Line Drive, 8LD, EV 91.9 MPH)
|
|
Batting: RHB Michael Meyers
|
0-0: Called Strike 0-1: Ball 1-1: Foul Ball, location: 2F 1-2: Ground out 6-3 (Groundball, 6S, EV 70.0 MPH)
|
|
Batting: LHB Nick Welling
|
0-0: Ball 1-0: Ball 2-0: SINGLE (Groundball, 56S, EV 69.4 MPH) (infield hit)
|
|
Batting: RHB Christian Blue
|
0-0: Ball 1-0: Ball 2-0: Foul Ball, location: 2F 2-1: Ball 3-1: SINGLE (Line Drive, 78S, EV 102.5 MPH) Nick Welling to second
|
|
Batting: RHB Hieronim Rutkowski
|
0-0: Swinging Strike 0-1: Called Strike 0-2: SINGLE (Popup, 3D, EV 53.1 MPH) Nick Welling to third Christian Blue to second Runner from 3rd tries for Home, throw by 1B and OUT! 3-2
|
| Top of the 5th over - 0 runs, 3 hits, 0 errors, 2 left on base; Akron 1 - Montgomery 3 |
| BOTTOM OF THE 5TH |
|
Montgomery Biscuits batting - Pitching for Akron RubberDucks : LHP Fred Kelly
|
|
Batting: LHB Barnabé Metrass
|
0-0: Called Strike 0-1: Ball 1-1: Called Strike 1-2: Ball 2-2: Strikes out swinging, 2-3 out at first.
|
|
Batting: LHB Austin Ohmer
|
0-0: Foul Ball, location: 2F 0-1: Foul Ball, location: 2F 0-2: Foul Ball, location: 2F 0-2: Foul Ball, location: 2F 0-2: Foul Ball, location: 2F 0-2: Ball 1-2: Ground out U3 (Groundball, 3, EV 89.4 MPH)
|
|
Batting: RHB Steve French
|
0-0: Foul Ball, location: 2F 0-1: Foul Ball, location: 2F 0-2: Strikes out swinging
|
| Bottom of the 5th over - 0 runs, 0 hits, 0 errors, 0 left on base; Akron 1 - Montgomery 3 |
| TOP OF THE 6TH |
|
Akron RubberDucks batting - Pitching for Montgomery Biscuits : RHP David Breaux
|
|
Batting: RHB Mike Plugge
|
0-0: Called Strike 0-1: Ball 1-1: Ball 2-1: Swinging Strike 2-2: Ball 3-2: Strikes out swinging
|
|
Batting: RHB Greg Harden
|
0-0: Ball 1-0: SINGLE (Groundball, 4MD, EV 100.6 MPH)
|
|
Batting: RHB Matt Thompson
|
0-0: Ball 1-0: Swinging Strike 1-1: Ground out 4-3 (Groundball, 4MS, EV 74.4 MPH) Greg Harden to second
|
|
Batting: LHB Corey Trevor
|
0-0: Foul Ball, location: 2F 0-1: Foul Ball, location: 2F 0-2: Foul Ball, location: 2F 0-2: Strikes out swinging
|
| Top of the 6th over - 0 runs, 1 hit, 0 errors, 1 left on base; Akron 1 - Montgomery 3 |
| BOTTOM OF THE 6TH |
|
Montgomery Biscuits batting - Pitching for Akron RubberDucks : LHP Fred Kelly
|
|
Batting: RHB Wing-kit Bu
|
0-0: Ball 1-0: Called Strike 1-1: Called Strike 1-2: Fly out, F4 (Popup, 34S, EV 83.1 MPH)
|
|
Batting: SHB Willie Koviak
|
0-0: DOUBLE (Flyball, 78XD, EV 97.5 MPH)
|
|
Batting: RHB Devin Brown
|
0-0: Foul Ball, location: 2F 0-1: Ball 1-1: Ball 2-1: Foul Ball, location: 2F 2-2: Ball 3-2: Ground out 5-3 (Groundball, 56S, EV 84.4 MPH)
|
|
Batting: SHB Brett McEwen
|
0-0: Ground out 5-3 (Groundball, 56, EV 103.1 MPH)
|
| Bottom of the 6th over - 0 runs, 1 hit, 0 errors, 1 left on base; Akron 1 - Montgomery 3 |
| TOP OF THE 7TH |
|
Akron RubberDucks batting - Pitching for Montgomery Biscuits : RHP David Breaux
|
|
Batting: LHB John Dietrich
|
0-0: Called Strike 0-1: Swinging Strike 0-2: Ground out 4-3 (Groundball, 4M, EV 86.9 MPH)
|
|
Batting: RHB Michael Meyers
|
0-0: Ball 1-0: Foul Ball, location: 2F 1-1: Foul Ball, location: 2F 1-2: Ball 2-2: Strikes out looking
|
|
Batting: LHB Nick Welling
|
0-0: Ball 1-0: Swinging Strike 1-1: Ball 2-1: Foul Ball, location: 2F 2-2: Strikes out swinging
|
| Top of the 7th over - 0 runs, 0 hits, 0 errors, 0 left on base; Akron 1 - Montgomery 3 |
| BOTTOM OF THE 7TH |
|
Montgomery Biscuits batting - Pitching for Akron RubberDucks : LHP Fred Kelly
|
|
Batting: LHB Davion Lewis
|
0-0: Ball 1-0: Ground out 4-3 (Groundball, 4S, EV 81.9 MPH)
|
|
Pitching: RHP Nelson Peregrina
|
|
|
Batting: LHB David Seminario
|
0-0: Ball 1-0: Fly out, F8 (Flyball, 8RXD, EV 93.8 MPH)
|
|
Batting: LHB Barnabé Metrass
|
0-0: Ball 1-0: Swinging Strike 1-1: Called Strike 1-2: Ball 2-2: Ground out 6-3 (Groundball, 6, EV 95.0 MPH)
|
| Bottom of the 7th over - 0 runs, 0 hits, 0 errors, 0 left on base; Akron 1 - Montgomery 3 |
| TOP OF THE 8TH |
|
Akron RubberDucks batting - Pitching for Montgomery Biscuits : RHP David Breaux
|
|
Pitching: RHP Joey Morrison
|
|
|
Now at 1B: Sczlopy Hed
|
|
|
Batting: RHB Christian Blue
|
0-0: Called Strike 0-1: SINGLE (Flyball, 34D, EV 83.8 MPH)
|
|
Batting: RHB Hieronim Rutkowski
|
0-0: Ball 1-0: Foul Ball, location: 2F 1-1: Foul Ball, location: 2F 1-2: Ground out 5-3 (Groundball, 56S, EV 74.4 MPH) Christian Blue to second
|
|
Batting: RHB Mike Plugge
|
0-0: Called Strike 0-1: Ball 1-1: Ball 2-1: Called Strike 2-2: Strikes out looking
|
|
Batting: RHB Greg Harden
|
0-0: Fly out, F9 (Flyball, 89S, EV 91.9 MPH)
|
| Top of the 8th over - 0 runs, 1 hit, 0 errors, 1 left on base; Akron 1 - Montgomery 3 |
| BOTTOM OF THE 8TH |
|
Montgomery Biscuits batting - Pitching for Akron RubberDucks : RHP Nelson Peregrina
|
|
Batting: LHB Austin Ohmer
|
0-0: Ball 1-0: Swinging Strike 1-1: Ball 2-1: DOUBLE (Groundball, 3L, EV 107.5 MPH)
|
|
Batting: RHB Steve French
|
0-0: Intentional Walk
|
|
Batting: RHB Wing-kit Bu
|
0-0: Foul Ball, location: 2F 0-1: Ball 1-1: Called Strike Austin Ohmer steals 3rd base 1-2: Strikes out swinging Steve French steals 2nd base Batter strikes out.
|
|
Batting: SHB Willie Koviak
|
0-0: Intentional Walk
|
|
Batting: RHB Devin Brown
|
0-0: Ball 1-0: Fly out, F4 (Popup, 3DF, EV 65.0 MPH)
|
|
Batting: RHB Sczlopy Hed
|
0-0: Foul Ball, location: 2F 0-1: Foul Ball, location: 2F 0-2: Foul Ball, location: 2F 0-2: GRAND SLAM HOME RUN (Flyball, 89XD, EV 105.0 MPH), Distance : 386 ft
|
|
Pitching: RHP Mark Norman
|
|
|
Batting: LHB Davion Lewis
|
0-0: Ball 1-0: Called Strike 1-1: Fly out, F6 (Popup, 6, EV 63.8 MPH)
|
| Bottom of the 8th over - 4 runs, 2 hits, 0 errors, 0 left on base; Akron 1 - Montgomery 7 |
| TOP OF THE 9TH |
|
Akron RubberDucks batting - Pitching for Montgomery Biscuits : RHP Joey Morrison
|
|
Batting: RHB Matt Thompson
|
0-0: Called Strike 0-1: Ball 1-1: Ball 2-1: Foul Ball, location: 2F 2-2: Ball 3-2: Foul Ball, location: 2F 3-2: Strikes out swinging
|
|
Batting: LHB Corey Trevor
|
0-0: Ball 1-0: Fly out, F6 (Popup, 4MD, EV 68.1 MPH)
|
|
Batting: LHB John Dietrich
|
0-0: Ball 1-0: Ball 2-0: Called Strike 2-1: Ground out 5-3 (Groundball, 5, EV 88.8 MPH)
|
| Top of the 9th over - 0 runs, 0 hits, 0 errors, 0 left on base; Akron 1 - Montgomery 7 |
|